 Dungeon Crawl Stone Soup version 0.25.1-2-g60ff931df9 (webtiles) character file.

Game seed: 7905201778207902406

1017 funkygono the Ruffian (level 8, 0/74 HPs)
             Began as a Troll Fighter on Sept 13, 2020.
             Was a Believer of Ru.
             Slain by a troll (5 damage)
             ... on level 8 of the Dungeon.
             The game lasted 00:22:40 (6402 turns).

funkygono the Ruffian (Troll Fighter)               Turns: 6402, Time: 00:22:40

Health: 0/74       AC:  7    Str: 27    XL:     8   Next: 2%
Magic:  7/7        EV: 14    Int:  4    God:    Ru [**....]
Gold:   357        SH: 11    Dex:  9    Spells: 7/7 levels left

rFire    . . .     SeeInvis .     - Unarmed
rCold    . . .     Gourm    +   m - +2 kite shield
rNeg     . . .     Faith    .   a - +0 robe
rPois    .         Spirit   .   (helmet restricted)
rElec    .         Reflect  .   h - +0 cloak
rCorr    .         Harm     .   (gloves unavailable)
MR       .....                  (boots unavailable)
Stlth    ++........             (no amulet)
HPRegen  0.62/turn              e - +4 ring of evasion
MPRegen  0.10/turn              (no ring)

@: mighty
A: large, unfitting armour, claws 3, fast metabolism 3, gourmand, regeneration
1, shaggy fur 1, tough skin 3, inexperienced 1
a: Renounce Religion


You were on level 8 of the Dungeon.
You worshipped Ru.
Ru was pleased with you.
You were completely stuffed.

You visited 2 branches of the dungeon, and saw 9 of its levels.

You collected 357 gold pieces.

Inventory:

Hand Weapons
 D - a +0 flail
Missiles
 i - 135 stones (quivered)
 j - 42 sling bullets
 q - 4 atropa-tipped darts
 x - 2 boomerangs
Armour
 a - a +0 robe (worn)
 h - a +0 cloak (worn)
 m - a +2 kite shield (worn)
Jewellery
 e - a +4 ring of evasion (left claw)
Wands
 y - a wand of digging (4)
Scrolls
 c - a scroll of remove curse
 p - a scroll of amnesia
 s - 2 scrolls of fog {unknown}
 u - a scroll of enchant weapon
 w - 3 scrolls of identify
 B - a scroll of fear
 C - a scroll of teleportation
Potions
 b - a potion of brilliance
 f - 3 potions of magic
 g - 6 potions of curing
 k - a potion of mutation
 l - 2 potions of flight
 o - a potion of stabbing
 v - a potion of haste
Comestibles
 d - 13 rations


   Skills:
 + Level 2.7 Fighting
 + Level 5.7 Throwing
 + Level 4.5 Dodging
 + Level 1.5 Stealth
 + Level 4.4 Shields
 + Level 7.3 Unarmed Combat


You had 7 spell levels left.
You didn't know any spells.
Your spell library contained the following spells:

 Spells                   Type           Power        Failure   Level  Hunger
 Corona                   Hex            #......      83%         1    ##.....
 Magic Dart               Conj           #...         83%         1    ##.....
 Ensorcelled Hibernation  Hex/Ice        #.....       93%         2    ###....
 Searing Ray              Conj           #.....       93%         2    ###....
 Confusing Touch          Hex            #.......     99%         3    ####...
 Dazzling Flash           Conj/Hex       #.....       99%         3    ####...
 Tukima's Dance           Hex            #.......     99%         3    ####...
 Fulminant Prism          Conj/Hex       #.........   100%        4    #####..
 Iskenderun's Mystic Bla  Conj/Tloc      #.......     100%        4    #####..


Dungeon Overview and Level Annotations

Branches:
Dungeon (8/15)             Temple (1/1) D:5
   Lair: D:8-11

Altars:
Ashenzari
Cheibriados
Dithmenos
Elyvilon
Fedhas
Gozag
Hepliaklqana
Kikubaaqudgha
Makhleb
Nemelex Xobeh
Okawaru
Qazlal
Ru
Sif Muna
Uskayaw
Wu Jian
Xom
Yredelemnul
Zin

Annotations:
D:5 2 transporters, MisterFreud's ghost, amateur MiAK


Innate Abilities, Weirdness & Mutations

You are too large for most types of armour.
You have claws for hands.
Your metabolism is lightning-fast.
You like to eat raw meat.
Your natural rate of healing is unusually fast.
You are covered in fur. (AC +1)
You have extremely tough skin. (AC +3)
You are somewhat inexperienced. (-2 XL)


Message History

The troll is severely wounded.
You block the troll's attack. The troll misses you.
You block the troll's attack.
You closely miss the troll.
The troll is severely wounded.
The troll misses you. The troll claws you!
* * * LOW HITPOINT WARNING * * *
The troll claws you but does no damage.
You claw the troll!
The troll is almost dead.
You block the troll's attack. The troll claws you.
* * * LOW HITPOINT WARNING * * *
The troll claws you.
* * * LOW HITPOINT WARNING * * *
You barely miss the troll.
The troll is almost dead.
The troll bites you!
* * * LOW HITPOINT WARNING * * *
You block the troll's attack. The troll claws you.
You die...

.....# #..#. #.... ...
....... ... .......###
#.# .....≈?..# #.#
..≈≈...#/## #@#
≈≈≈≈≈.....# #T#
≈≈≈≈.(....#####O'....#
≈≈≈≈......(.<...#....#
≈≈≈.≈≈(h.{....#.#....#
≈.≈≈≈≈(.....O.#.# ...#
.≈≈≈≈≈(#......#.#
.....
.≈≈≈≈≈≈#......... ..##
.(h≈≈≈≈#.......... ..#


You could see a troll and an ogre.

Vanquished Creatures
  A sky beast (D:8)
  A black bear (D:7)
  2 orc warriors (D:6)
  2 ogres
  A centaur (D:6)
  Blork the orc (D:4)
  3 bullfrogs
  2 scorpions
  A water moccasin skeleton (D:8)
  2 howler monkeys
  4 crimson imps
  2 bullfrog zombies (D:5)
  A centaur zombie (D:7)
  5 hounds
  A jelly (D:8)
  An iguana (D:6)
  5 worker ants
  6 orc wizards
  A hound zombie (D:6)
  7 gnolls
  A howler monkey skeleton (D:4)
  7 adders
  A shadow imp (D:5)
  An ooze (D:2)
  3 adder skeletons
  3 worms
  A dart slug (D:2)
  3 leopard geckos
  15 orcs
  10 giant cockroaches
  13 hobgoblins
  11 jackals (D:2)
  14 kobolds
  3 quokkas
  5 ball pythons
  9 bats
  2 frilled lizards
  10 goblins
  A jackal zombie (D:5)
  2 leopard gecko skeletons
  7 rats
171 creatures vanquished.

Notes
Turn   | Place    | Note
-------+----------+-------------------------------------------
     0 | D:1      | funkygono the Troll Fighter began the quest for the Orb.
     0 | D:1      | Reached XP level 1. HP: 22/22 MP: 0/0
   160 | D:1      | Reached XP level 2. HP: 29/29 MP: 1/1
   723 | D:2      | Reached XP level 3. HP: 36/36 MP: 2/2
   912 | D:2      | Reached skill level 3 in Unarmed Combat
   995 | D:2      | Reached XP level 4. HP: 44/44 MP: 3/3
  1482 | D:2      | Reached XP level 5. HP: 50/50 MP: 4/4
  1570 | D:2      | Reached skill level 1 in Throwing
  2815 | D:4      | Reached skill level 4 in Unarmed Combat
  2823 | D:4      | Reached XP level 6. HP: 49/59 MP: 5/5
  3302 | D:4      | Noticed Blork the orc
  3311 | D:4      | Killed Blork the orc
  3311 | D:4      | Reached XP level 7. HP: 62/66 MP: 6/6
  3575 | D:5      | Entered Level 5 of the Dungeon
  3828 | D:5      | Noticed MisterFreud's ghost (amateur MiAK)
  3837 | D:5      | Found an ornate altar of the Wu Jian Council.
  3847 | D:5      | Found a transporter.
  3850 | D:5      | Found a transporter.
  3864 | D:5      | Found a staircase to the Ecumenical Temple.
  3878 | Temple   | Entered the Ecumenical Temple
  3884 | Temple   | Became a worshipper of Ru the Awakened
  4503 | D:6      | Reached skill level 5 in Unarmed Combat
  4506 | D:6      | Reached skill level 1 in Stealth
  4617 | D:6      | Reached XP level 8. HP: 74/74 MP: 7/7
  4903 | D:6      | Reached skill level 6 in Unarmed Combat
  5186 | D:6      | Reached skill level 5 in Throwing
  5294 | D:6      | Gained mutation: You are somewhat inexperienced. (-2 XL)
                  | [Ru sacrifice]
  5294 | D:6      | Reached XP level 7. HP: 66/66 MP: 6/6
  5294 | D:6      | Reached XP level 6. HP: 59/59 MP: 5/5
  5294 | D:6      | Reached * piety under Ru
  5294 | D:6      | Reached ** piety under Ru
  5358 | D:7      | Reached XP level 7. HP: 55/66 MP: 6/6
  5617 | D:7      | Reached skill level 7 in Unarmed Combat
  6351 | D:8      | Noticed a troll
  6386 | D:8      | Reached XP level 8. HP: 39/74 MP: 7/7
  6402 | D:8      | Slain by a troll

Illustrated notes

Levels and vault maps discovered:
D:1:      psy_arrival_statuary, layout_loops_ring, minmay_3d_cube
D:2:      layout_basic, serial_rivers, chequers_serial_rivers_room_b,
          chequers_serial_rivers_large_b, chequers_serial_rivers_small_b,
          chequers_serial_rivers_micro_c, hex_large
D:3:      layout_loops_ring, chequers_arboretum
D:4:      layout_basic, first_ration, minmay_misc_feat_roman,
          minmay_fractal_squares_5, uniq_blork_the_orc
D:5:      layout_basic, kennysheep_little_box, minmay_temple_entry_sparse_star,
          gammafunk_ghost_hive
D:6:      layout_loops_cross
D:7:      layout_loops_cross, nicolae_zen_rock_garden
D:8:      layout_basic, tso_oasis_becter, erik_lair_island, uniq_grum,
          uniq_joseph
Temple:   eino_narrow_crystal_temple

Skill      XL: |  1  2  3  4  5  6  7  8 |
---------------+-------------------------+-----
Unarmed Combat | 3 4 7 6 |  7.3
Dodging        | 3 4 |  4.5
Throwing       | 1 3 4 5 |  5.7
Shields        | 3 4 |  4.4
Stealth        | 1 |  1.5
Fighting       | |  2.7

Action                   |  1- 3 |  4- 6 |  7- 9 || total
-------------------------+-------+-------+-------++-------
Melee: Unarmed           |   114 |   193 |   200 ||   507
Throw: Stone             |    50 |   138 |   112 ||   300
       Dart              |       |    26 |    18 ||    44
       Boomerang         |       |       |    26 ||    26
       Large rock        |       |       |     1 ||     1
Invok: Sacrifice Experie |       |     1 |       ||     1
  Use: Scroll            |     1 |    10 |     7 ||    18
       Potion            |       |     1 |     2 ||     3
 Stab: Sleeping          |       |     1 |       ||     1
  Eat: Chunk             |    15 |    23 |    27 ||    65
Armor: Robe              |    31 |    28 |    29 ||    88
Dodge: Dodged            |    55 |    61 |    77 ||   193
Block: Kite shield       |    51 |    89 |    99 ||   239
